 Dungeon Crawl Stone Soup version 0.20.0-15-g7f486f2 (webtiles) character file.

124 Mesmaeker13 the Shield-Bearer (level 4, -6/40 HPs)
             Began as a Minotaur Fighter on June 11, 2017.
             Killed by divine providence
             ... invoked by an orc priest
              (16 damage)
             ... on level 3 of the Dungeon.
             The game lasted 00:03:24 (1808 turns).

Mesmaeker13 the Shield-Bearer (Minotaur Fighter)    Turns: 1808, Time: 00:03:25

Health: -6/40      AC:  7    Str: 21    XL:     4   Next: 81%
Magic:  3/3        EV:  7    Int:  6    God:
Gold:   135        SH:  9    Dex:  9    Spells: 3/3 levels left

rFire    . . .     SeeInvis .   s - +3 dagger (venom)
rCold    . . .     Gourm    .   c - +0 shield
rNeg     . . .     Faith    .   b - +0 scale mail
rPois    .         Spirit   .   (helmet restricted)
rElec    .         Reflect  .   (no cloak)
rCorr    .         Harm     .   (no gloves)
MR       .....                  (no boots)
Stlth    ..........             (no amulet)
Regen    0.2/turn               (no ring)
MPRegen  0.1/turn               (no ring)

@: lethally poisoned (-6 -> -13)
A: retaliatory headbutt, horns 2
a: no special abilities


You were on level 3 of the Dungeon.
You were not hungry.

You visited 1 branch of the dungeon, and saw 3 of its levels.

You collected 135 gold pieces.

Inventory:

Hand Weapons
 a - a +0 long sword
 s - a +3 dagger of venom (weapon)
Missiles
 o - a throwing net (quivered)
Armour
 b - a +0 scale mail (worn)
 c - a +0 shield (worn)
Scrolls
 h - a scroll of blinking {unknown}
 i - a scroll of recharging {unknown}
 l - 2 scrolls of remove curse
 m - a scroll of enchant armour {unknown}
 r - 2 scrolls of identify {unknown}
 u - a scroll of teleportation {unknown}
 v - a scroll of fog {unknown}
Potions
 d - a potion of might
 e - a potion of curing {unknown}
 g - a potion of mutation {unknown}
 j - a potion of flight {unknown}
 k - a potion of lignification {unknown}
Books
 q - a book of Maledictions

   Spells                             Type                      Level
   a - Corona                         Hexes                        1
   b - Ensorcelled Hibernation        Hexes/Ice                    2
   c - Confuse                        Hexes                        3
   d - Tukima's Dance                 Hexes                        3
   e - Dazzling Spray                 Conjuration/Hexes            3
 t - a book of Minor Magic

   Spells                             Type                      Level
   a - Magic Dart                     Conjuration                  1
   b - Blink                          Translocation                2
   c - Call Imp                       Summoning                    2
   d - Slow                           Hexes                        2
   e - Conjure Flame                  Conjuration/Fire             3
   f - Mephitic Cloud                 Conjuration/Poison/Air       3
Comestibles
 f - 4 bread rations
 n - a chunk of flesh
 p - a fruit


   Skills:
 + Level 4.3 Fighting
 + Level 3.8 Long Blades
 + Level 4.5 Armour
 + Level 4.7 Shields


You had 3 spell levels left.
You didn't know any spells.

Dungeon Overview and Level Annotations

Branches:
Dungeon (3/15)

Altars:
Dithmenos


Innate Abilities, Weirdness & Mutations

You reflexively headbutt those who attack you in melee.
You have a pair of horns on your head.


Message History

You puncture the orc priest!
The orc priest looks as sick as possible!
The orc priest is severely wounded.
You feel sick.
The orc priest drinks a potion.
The orc priest is healed!
The orc wizard gestures wildly while chanting.
The orc wizard flickers and vanishes!
You barely miss the orc priest. Your headbutt misses the orc priest.
You feel sick. You block the orc priest's attack.
You hit the orc priest but do no damage.
The orc priest looks as sick as possible!
The orc priest is moderately wounded.
You feel sick.
You hit the orc priest but do no damage.
The orc priest looks as sick as possible!
The orc priest is moderately wounded.
You feel sick. The orc priest barely misses you. You furiously retaliate!
You headbutt the orc priest.
The orc priest invokes the aid of Beogh against you.
Beogh smites you!
You die... ..... ... .r. o{o

#{# #o# #o#
## ##@##
..§##...##
._§......#
§.§.##...##
#..###.####.#
##..........#
#####.######
#.# #.#


You could see an orc priest, 3 orcs and a rat.

Vanquished Creatures
  3 adders
  4 oozes
  A worm (D:2)
  3 dart slugs
  3 leopard geckos
  An orc (D:3)
  A ball python (D:1)
  8 bats
  3 giant cockroaches
  4 hobgoblins
  2 jackals (D:1)
  A quokka (D:2)
  3 frilled lizards
  10 goblins
  12 kobolds
  9 rats
68 creatures vanquished.

Notes
Turn   | Place    | Note
-------+----------+-------------------------------------------
     0 | D:1      | Mesmaeker13 the Minotaur Fighter began the quest for the Orb.
     0 | D:1      | Reached XP level 1. HP: 19/19 MP: 0/0
    81 | D:1      | Reached XP level 2. HP: 26/27 MP: 1/1
   154 | D:1      | Reached XP level 3. HP: 30/33 MP: 2/2
   878 | D:2      | Reached XP level 4. HP: 40/40 MP: 3/3
  1791 | D:3      | Found a shadowy altar of Dithmenos.
  1808 | D:3      | Killed from afar by an orc priest

Skill      XL: |  1  2  3 |
---------------+----------+-----
Shields        | 4 |  4.7
Armour         | 4 |  4.5
Fighting       | 4 |  4.3
Long Blades    | 3 |  3.8

Action                   |  1- 3 |  4- 6 || total
-------------------------+-------+-------++-------
Melee: Long sword        |    91 |    65 ||   156
       Headbutt          |    14 |    12 ||    26
       Dagger            |       |    12 ||    12
  Use: Scroll            |       |     1 ||     1
  Eat: Chunk             |       |     3 ||     3
Armor: Scale mail        |    49 |    45 ||    94
Dodge: Dodged            |    30 |    25 ||    55
Block: Shield            |    67 |    41 ||   108
       Rpst.: Long sword |     6 |     9 ||    15
